 Dungeon Crawl Stone Soup version 0.31.0-2-g5a2aebc5c2 (webtiles) character file.

Game seed: 3757109233856218409

7247 oldriver the Thaumaturge (level 10, -3/82 HPs)
             Began as a Demonspawn Fire Elementalist on Jan 20, 2024.
             Hit by a silver javelin thrown by a minotaur (26 damage)
             ... in a Gauntlet.
             The game lasted 00:25:35 (10858 turns).

oldriver the Thaumaturge (DsFE)                    Turns: 10858, Time: 00:25:36

Health: -3/82      AC: 13    Str:  8    XL:     10   Next: 88%
Magic:  0/24       EV: 12    Int: 24    God:
Gold:   507        SH:  0    Dex: 14    Spells: 19/30 levels left

rFire   + + .        l - +5 dagger (venom)
rCold   + . .        (no shield)
rNeg    + . .        o - +1 robe of Objectivity {rN+ Int+4}
rPois   +            m - +1 helmet
rElec   +            z - +2 cloak
rCorr   +            (no gloves)
SInv    .            (no boots)
Will    .....        (no amulet)
Stlth   ++           t - +4 ring of protection
HPRegen 0.33/turn    r - ring of protection from fire
MPRegen 0.38/turn

%: no teleportation, clarity, guardian spirit
@: mighty, resistant, very slightly contaminated
A: magic shield, magic regeneration, sharp scales 1, demonic magic 2, clarity,
poison resistance, persistent drain
a: no special abilities


You were in a Gauntlet.
You visited 2 branches of the dungeon, and saw 10 of its levels.
You also visited: Gauntlet.

You collected 507 gold pieces.

Inventory:

Hand Weapons
 l - a +5 dagger of venom (weapon)
Missiles
 j - 11 darts of dispersal
 x - 35 poisoned darts
 B - a throwing net
Armour
 i - a +2 robe of willpower
 m - a +1 helmet (worn)
 o - the +1 robe of Objectivity (worn) {rN+ Int+4}
   (You found it on level 2 of the Dungeon)

   Int+4:     It affects your intelligence (+4).
   rN+:       It protects you from negative energy.
 z - a +2 cloak (worn)
 D - the +0 cloak "Kuecoom" {-Cast rF+ Str+3 Stlth+}
   (You found it in a Gauntlet)

   Str+3:     It affects your strength (+3).
   rF+:       It protects you from fire.
   -Cast:     It prevents spellcasting.
   Stlth+:    It makes you more stealthy.
Jewellery
 e - a ring of resist corrosion
 r - a ring of protection from fire (right hand)
 t - a +4 ring of protection (left hand)
 y - a ring of positive energy
Wands
 u - a wand of iceblast (18)
 v - a wand of flame (11)
 C - a wand of polymorph (9)
Scrolls
 c - 4 scrolls of teleportation
 h - 4 scrolls of vulnerability
 k - 3 scrolls of noise
Potions
 a - a potion of might
 b - a potion of magic
 d - 3 potions of curing
 g - 4 potions of lignification
 p - a potion of enlightenment
 A - 2 potions of attraction
 E - a potion of berserk rage


   Skills:
 + Level 8.4 Fighting
 - Level 0.2 Short Blades
 + Level 0.5 Armour
 + Level 2.0 Dodging
 + Level 2.0 Stealth
 + Level 10.8 Spellcasting
 - Level 3.0 Conjurations
 - Level 5.0 Fire Magic
 + Level 6.5 Alchemy


You had 19 spell levels left.
You knew the following spells:

 Your Spells              Type           Power      Damage    Failure   Level
a - Foxfire               Conj/Fire      100%       2x1d9     1%          1
b - Scorch                Fire           74%        2d8       1%          2
c - Flame Wave            Conj/Fire      32%        2d9       10%         4
o - Olgreb's Toxic Radia  Alch           44%        N/A       3%          4

Your spell library contained the following spells:

 Spells                   Type           Power      Damage    Failure   Level
 Sting                    Conj/Alch      100%       1d9       1%          1
 Mercury Vapours          Alch/Air       56%        N/A       1%          2
 Inner Flame              Hex/Fire       25%        N/A       5%          3
 Volatile Blastmotes      Fire/Tloc      50%        2d14      5%          3
 Animate Armour           Summ/Erth      26%        N/A       43%         4
 Summon Lightning Spire   Summ/Air       13%        N/A       43%         4
 Lee's Rapid Deconstruct  Erth           6%         3d6*      80%         5


Dungeon Overview and Level Annotations

Branches:
Dungeon (9/15)             Temple (0/1) D:6            Lair (1/5) D:9
Gauntlet (1/1)
    Orc: D:9-12

Altars:
Dithmenos
Okawaru
Xom

Annotations:
D:8 3 runed translucent doors, Djon's ghost, novice HOFi; Marethyu's ghost, novice VSBr; groovy9's ghost, novice DECj
D:9 2 runed translucent doors, Weaver's ghost, novice SpEn Gauntlet 12 transporters, exclusion: 2 obsidian statues


Innate Abilities, Weirdness & Mutations

When hurt, damage is shared between your health and your magic reserves.
You regenerate magic rapidly.
You are partially covered in razor-sharp scales. (AC +1, Slay +1)
Spells you cast may paralyse nearby enemies.
You possess an exceptional clarity of mind.
Your system is resistant to poisons. (rPois)
Your health recovers twice as slowly from being drained.


Message History

Casting: Scorch (safe; 1% risk of failure)
Confirm with . or Enter, or press ? or * to list all spells.
You begin to radiate toxic energy.
Malevolent energies surge around you.
Casting: Olgreb's Toxic Radiance (dangerous; 3% risk of failure)
Confirm with . or Enter, or press ? or * to list all spells.
Flames lash the minotaur but do no damage.
Malevolent energies surge around you.
Your toxic aura wanes.
The minotaur hits you with a staff of fire!
The minotaur burns you. The minotaur gores you.
Casting: Scorch (safe; 1% risk of failure)
Confirm with . or Enter, or press ? or * to list all spells.
Casting: Flame Wave (dangerous; 10% risk of failure)
Press: ? - help, Dir - look around, f - activate You miscast Flame Wave.
You are very lightly contaminated with residual magic.
Energy rips through your body!
The minotaur hits you with a staff of fire!!
The minotaur gores you.
Blink to where?
Press: ? - help, Dir - move target You can't see that place. [the floor.]
Okay, then.
Okay, then.
The minotaur attacks as it pursues you!
The minotaur hits you with a staff of fire!
The minotaur burns you. The minotaur gores you!
* * * LOW HITPOINT WARNING * * *
Okay, then.
Blink to where?
Press: ? - help, Dir - move target
As you read the scroll of blinking, it crumbles to dust.
Okay, then.
The air fills with toxic fumes!
As you read the scroll of poison, it crumbles to dust.
The minotaur throws a silver javelin.
The silver javelin barely misses you.
The minotaur throws a silver javelin.
The silver javelin pierces through you!!
You die...

######### #§§§§.H§#
#@#####§# #.# #.##
..# ..# #.## #H#
#.#######.#
#.#.......# #
#.#########.#.#
#.............#
#########.#########


You could see a minotaur.

Vanquished Creatures
  Maurice (D:7)
  A cyclops (D:8)
  Maggie (D:7)
  Jeremiah (D:9)
  A komodo dragon (Lair:1)
  3 kobold demonologists (D:9)
  2 hornets (Gauntlet)
  Eustachio (D:4)
  A wyvern (D:7)
  5 yaks
  3 steam dragons
  2 water moccasins
  A sky beast (D:6)
  An orc warrior (D:9)
  An ice beast (D:8)
  A black bear (D:7)
  2 wolves (Lair:1)
  4 centaurs
  3 ogres
  5 kobold brigands
  2 bullfrogs
  A gnoll sergeant (D:7)
  4 scorpions
  3 wights (D:7)
  3 hounds
  4 orc priests
  3 gnoll boudas
  4 iguanas
  Ijyb (D:4)
  2 sleepcaps
  6 orc wizards
  15 gnolls
  6 adders
  A shadow imp (D:7)
  2 ufetubi (D:7)
  2 dart slugs (D:3)
  15 orcs
  9 bats
  4 endoplasms
  2 giant cockroaches (D:1)
  8 goblins
  7 hobgoblins
  6 quokkas
  8 ball pythons
  4 frilled lizards
  21 kobolds
  3 rats
186 creatures vanquished.

Vanquished Creatures (others)
  657 foxfires
657 creatures vanquished.

Grand Total: 843 creatures vanquished

Notes
Turn   | Place    | Note
-------+----------+-------------------------------------------
     0 | D:1      | oldriver the Demonspawn Fire Elementalist began the quest
                  | for the Orb.
     0 | D:1      | Reached XP level 1. HP: 13/13 MP: 3/3
   319 | D:1      | Gained mutation: You regenerate magic rapidly. [demonic
                  | ancestry]
   319 | D:1      | Reached XP level 2. HP: 20/20 MP: 0/5
   939 | D:2      | Reached skill level 1 in Fighting
  1157 | D:2      | Reached XP level 3. HP: 26/26 MP: 3/6
  1189 | D:2      | Identified the +1 robe of Objectivity {rN+ Int+4}
  1452 | D:2      | Learned a level 2 spell: Scorch
  1911 | D:3      | Gained mutation: You are partially covered in razor-sharp
                  | scales. (AC +1, Slay +1) [demonic ancestry]
  1911 | D:3      | Reached XP level 4. HP: 32/32 MP: 2/8
  2625 | D:3      | Reached skill level 3 in Spellcasting
  2954 | D:4      | Noticed Eustachio
  2956 | D:4      | Noticed Ijyb
  3017 | D:4      | Gained mutation: When hurt, damage is shared between your
                  | health and your magic reserves. [demonic ancestry]
  3017 | D:4      | Reached XP level 5. HP: 38/38 MP: 2/9
  3120 | D:4      | Killed Ijyb
  3326 | D:4      | Killed Eustachio
  3327 | D:4      | Reached skill level 4 in Spellcasting
  3327 | D:4      | Reached XP level 6. HP: 34/46 MP: 5/12
  3778 | D:5      | Entered Level 5 of the Dungeon
  3826 | D:4      | Learned a level 4 spell: Olgreb's Toxic Radiance
  3950 | D:5      | Gained mutation: Spells you cast may paralyse adjacent
                  | enemies. [demonic ancestry]
  3950 | D:5      | Reached XP level 7. HP: 52/52 MP: 6/13
  3983 | D:5      | Found a shadowy altar of Dithmenos.
  4036 | D:5      | Found a shimmering altar of Xom.
  4037 | D:5      | Found an iron altar of Okawaru.
  4135 | D:5      | Noticed a steam dragon
  4209 | D:5      | Reached skill level 5 in Spellcasting
  4209 | D:5      | Reached skill level 5 in Fire Magic
  4669 | D:6      | Reached XP level 8. HP: 61/61 MP: 8/16
  4819 | D:6      | Learned a level 4 spell: Flame Wave
  4949 | D:5      | Reached skill level 6 in Spellcasting
  5124 | D:6      | Reached skill level 1 in Alchemy
  5153 | D:6      | Reached skill level 5 in Fighting
  5461 | D:5      | Reached skill level 7 in Spellcasting
  5924 | D:6      | Gained mutation: Spells you cast may paralyse nearby
                  | enemies. [demonic ancestry]
  5924 | D:6      | Reached XP level 9. HP: 68/68 MP: 15/20
  5988 | D:6      | Found a staircase to the Ecumenical Temple.
  6197 | D:7      | Reached skill level 8 in Spellcasting
  6418 | D:7      | Noticed Maurice
  6557 | D:7      | Killed Maurice
  6558 | D:7      | Reached skill level 9 in Spellcasting
  6795 | D:7      | Noticed Maggie
  6806 | D:7      | Killed Maggie
  7636 | D:8      | Noticed a cyclops
  7735 | D:8      | Killed a cyclops
  7736 | D:8      | Reached XP level 10. HP: 73/77 MP: 3/23
  7846 | D:8      | Identified the +3 ring mail of Inaction {Harm Str+3 Slay+2}
  8171 | D:8      | Reached skill level 10 in Spellcasting
  8234 | D:8      | Found a runed translucent gate.
  8235 | D:8      | Found a runed translucent gate.
  8236 | D:8      | Found a runed translucent gate.
  8237 | D:8      | Noticed Djon's ghost (novice HOFi)
  8238 | D:8      | Noticed groovy9's ghost (novice DECj)
  8238 | D:8      | Noticed Marethyu's ghost (novice VSBr)
  8903 | D:9      | Found a staircase to the Lair.
  9161 | D:9      | Reached skill level 5 in Alchemy
  9310 | D:9      | Noticed an orange demon
  9376 | D:9      | Found a large runed translucent door.
  9379 | D:9      | Found a large runed translucent door.
  9382 | D:9      | Noticed Weaver's ghost (novice SpEn)
  9566 | D:9      | Noticed Jeremiah
  9586 | D:9      | Killed Jeremiah
  9775 | Lair:1   | Entered Level 1 of the Lair of Beasts
  9851 | Lair:1   | Found a gate leading to a gauntlet.
  9883 | Gauntlet | Entered a Gauntlet
  9883 | Gauntlet | Found a transporter.
  9889 | Gauntlet | Noticed a death scarab
  9893 | Gauntlet | Found a transporter.
  9908 | Gauntlet | Found a transporter.
  9913 | Gauntlet | Found a transporter.
  9913 | Gauntlet | Noticed a sixfirhy
  9923 | Gauntlet | Noticed a reaper
  9930 | Gauntlet | Found a transporter.
  9945 | Gauntlet | Noticed a sixfirhy
  9946 | Gauntlet | Noticed a sixfirhy
  9948 | Gauntlet | Found a transporter.
  9957 | Gauntlet | Found a transporter.
  9972 | Gauntlet | Found a transporter.
  9972 | Gauntlet | Noticed an obsidian statue
  9984 | Gauntlet | Found a transporter.
  9985 | Gauntlet | Noticed a balrug
  9996 | Gauntlet | Found a transporter.
  9996 | Gauntlet | Noticed an obsidian statue
 10017 | Gauntlet | Found a transporter.
 10030 | Gauntlet | Found a transporter.
 10032 | Gauntlet | Found a transporter.
 10034 | Gauntlet | Noticed a catoblepas
 10037 | Gauntlet | Noticed a gargoyle
 10059 | Gauntlet | Found a transporter.
 10079 | Gauntlet | Found a transporter.
 10157 | Gauntlet | Found a transporter.
 10166 | Gauntlet | Noticed a moth of wrath
 10177 | Gauntlet | Found a transporter.
 10427 | Gauntlet | Found a transporter.
 10691 | Gauntlet | Identified the +0 cloak "Kuecoom" {-Cast rF+ Str+3 Stlth+}
 10724 | Gauntlet | Identified the ring of Pimon {rPois rF+ rC++ Int+4}
 10724 | Gauntlet | Noticed a minotaur
 10837 | Gauntlet | Gained mutation: You possess an exceptional clarity of
                  | mind. [potion of mutation]
 10837 | Gauntlet | Gained mutation: Your health recovers twice as slowly from
                  | being drained. [potion of mutation]
 10837 | Gauntlet | Gained mutation: Your system is resistant to poisons.
                  | (rPois) [potion of mutation]
 10858 | Gauntlet | Hit by a silver javelin thrown by a minotaur

Illustrated notes

Levels and vault maps discovered:
D:1:      minmay_arrival_four_houses, layout_rooms
D:2:      layout_basic
D:3:      layout_basic, grunt_ministairs_4, chequers_serial_rivers_room_b
D:4:      layout_cave_pools, uniq_eustachio, uniq_ijyb
D:5:      kennysheep_steamy, layout_basic,
          chequers_temple_overflow_statue_of_worship, st_stairs_8
D:6:      layout_loops_corners, minmay_temple_entry_junction
D:7:      layout_loops_cross, uniq_maurice, uniq_maggie
D:8:      layout_basic, gammafunk_ghost_cemetery
D:9:      layout_loops_ring, lair_entry_dummy, ebering_ghost_disaster_area,
          uniq_jeremiah
Lair:1:   layout_regular_city, gauntlet_entry_generic, grunt_forest_stairs_basic
Gauntlet: gammafunk_gauntlet_one_two_three
          [gammafunk_gauntlet_arena_arrow_garden, nicolae_gauntlet_arena_x,
          gammafunk_gauntlet_arena_hedges, nicolae_gauntlet_arena_blocks,
          gammafunk_gauntlet_arena_mazey, gammafunk_gauntlet_arena_spirals,
          nicolae_gauntlet_swirl, nicolae_gauntlet_arena_grate_2,
          gammafunk_gauntlet_arena_crates, dreamdust_gauntlet_exit_labyrinth]

Skill      XL: |  1  2  3  4  5  6  7  8  9 10 |
---------------+-------------------------------+-----
Fire Magic     | 3 4 5 |  5.0
Fighting       | 1 2 3 4 5 6 8 |  8.4
Spellcasting   | 3 4 5 7 9 10 | 10.8
Conjurations   | 2 3 |  3.0
Alchemy        | 2 4 6 |  6.5
Dodging        | 2 |  2.0
Stealth        | 2 |  2.0
Short Blades   | |  0.2
Armour         | |  0.5

Action                     |  1- 3 |  4- 6 |  7- 9 | 10-12 || total
---------------------------+-------+-------+-------+-------++-------
  Melee: Dagger            |     9 |     9 |       |     2 ||    20
         Unarmed           |     2 |       |       |       ||     2
         Punch             |     1 |     2 |       |       ||     3
  Throw: Dart              |       |       |     1 |       ||     1
   Cast: Foxfire           |    80 |    91 |   172 |    62 ||   405
         Scorch            |     3 |    28 |    90 |    26 ||   147
         Olgreb's Toxic Ra |       |       |     3 |    21 ||    24
         Flame Wave        |       |       |     2 |       ||     2
  Evoke: Wand              |       |       |     2 |       ||     2
    Use: Scroll            |       |    11 |     5 |     7 ||    23
         Potion            |       |       |       |     3 ||     3
 Armour: Robe              |    15 |    18 |    35 |    17 ||    85
  Dodge: Dodged            |    18 |    16 |    26 |     8 ||    68
